Map: [ESL] Dragon Scales

Players

Fjant

  • Race: Zerg Zerg
  • League: Grandmaster
  • Spawn Location: 11:00

HeroMarine - Winner!

  • Race: Terran Terran
  • Spawn Location: 5:00

Event: HomeStory Cup XXIII

VOD

Have the link to the VOD?

Description

Time

  • Played on: June 30, 2023, 12:31 p.m.
  • Length: 7:58

All games in this series

Show
View Real Time Build Order
Export as new Build Order

Fjant Zerg 

Build Orders: Hatch First 

Get SALT Encoding   

  12  0:00  Drone  
  13  0:12  Overlord  
  13  0:19  Drone  
  14  0:31  Drone x2  
  16  0:49  Hatchery  
  15  0:53  Drone  
  17  0:57  Drone  
  17  0:58  Drone  
  18  1:12  Extractor  
  18  1:14  Spawning Pool  
  18  1:16  Drone  
  17  1:22  Drone  
  18  1:29  Drone  
  19  1:40  Drone  
  20  1:53  Drone  
  21  2:01  Queen x2  
  21  2:02  Zergling x4  
  27  2:11  Overlord  
  27  2:16  Drone  
  28  2:23  Hatchery  
  28  2:27  Spore Crawler  
  26  2:31  Spore Crawler  
  26  2:32  Drone  
  26  2:35  Drone x2  
  30  2:43  Drone  
  31  2:45  Drone  
  31  2:46  Overlord  
  31  2:47  Metabolic Boost  
  32  2:55  Queen  
  34  2:58  Drone  
  34  3:01  Drone  
  34  3:04  Drone  
  37  3:07  Drone  
  37  3:11  Drone x2  
  40  3:16  Overlord  
  40  3:18  Overlord  
  40  3:27  Queen  
  40  3:28  Overlord  
  40  3:31  Drone x2  
  44  3:35  Queen  
  44  3:39  Drone  
  48  3:41  Drone x2  
  48  3:43  Drone  
  48  3:46  Zergling x4  
  52  3:49  Zergling x2  
  52  3:53  Queen  
  55  3:58  Overlord  
  55  4:04  Drone x2  
  55  4:05  Queen  
  55  4:06  Drone  
  55  4:08  Drone  
  55  4:09  Drone  
  62  4:11  Drone  
  62  4:12  Drone  
  62  4:15  Drone x2  
  66  4:20  Zergling x4  
  64  4:31  Drone x3  
  61  4:33  Drone  
  61  4:37  Queen x2  
  66  4:41  Drone x2  
  66  4:42  Drone  
  66  4:44  Drone  
  70  4:45  Drone  
  70  4:48  Drone x2  
  73  4:53  Lair  
  73  4:54  Drone  
  73  4:59  Overlord  
  74  5:00  Overlord  
  74  5:12  Baneling Nest  
  72  5:15  Drone  
  72  5:20  Drone x2  
  75  5:21  Hatchery  
  75  5:22  Drone x3  
  75  5:24  Zergling x10  
  75  5:25  Drone  
  75  5:26  Drone  
  75  5:27  Drone  
  85  5:34  Drone x2  
  87  5:39  Extractor  
  87  5:40  Extractor  
  85  5:45  Drone x5  
  85  5:46  Evolution Chamber  
  85  5:48  Evolution Chamber  
  85  5:49  Zergling x4  
  90  5:54  Zergling x2  
  88  5:59  Zergling x6  
  88  6:01  Centrifugal Hooks  
  88  6:02  Zergling x2  
  88  6:03  Baneling, Zergling x2  
  90  6:07  Overlord  
  90  6:09  Overlord  
  90  6:10  Overlord  
  80  6:11  Zergling x4  
  80  6:13  Zergling x4  
  80  6:23  Zergling x8  
  73  6:30  Zergling x6  
  73  6:32  Zergling x2  
  76  6:43  Zergling x2  
  76  6:44  Zergling x8  
  80  6:49  Drone x7  
  87  6:57  Baneling x5  
  87  6:59  Drone x3  
  87  7:01  Zergling x2  
  91  7:03  Zergling x2  
  92  7:09  Zergling x6  
  92  7:12  Baneling x4  
  88  7:20  Zergling x8  
  89  7:23  Baneling  
  89  7:24  Zergling x12  
  94  7:35  Zergling x8  
  88  7:41  Zergling x6  
Show
View Real Time Build Order
Export as new Build Order

HeroMarine Terran - Winner!

Build Orders: Reaper Expand 

Get SALT Encoding   

  12  0:00  SCV  
  13  0:12  SCV  
  14  0:17  Supply Depot  
  14  0:24  SCV  
  15  0:38  SCV  
  15  0:39  Barracks  
  16  0:43  Refinery  
  16  0:50  SCV  
  17  1:02  SCV  
  18  1:15  SCV  
  19  1:27  Reaper, Orbital Command  
  20  1:39  Command Center  
  20  1:47  Supply Depot  
  20  1:52  SCV  
  21  1:59  Marine  
  22  2:05  SCV  
  23  2:10  Factory  
  23  2:17  SCV  
  23  2:19  Barracks Reactor  
  24  2:29  SCV  
  25  2:41  SCV  
  25  2:42  Command Center  
  26  2:51  Orbital Command  
  26  2:53  SCV  
  27  2:59  Barracks  
  27  3:04  Barracks Tech Lab  
  27  3:05  SCV  
  28  3:06  Hellion  
  28  3:09  Hellion  
  32  3:17  SCV x2  
  34  3:23  Marine  
  34  3:24  Stimpack  
  35  3:28  Hellion  
  35  3:29  SCV  
  35  3:30  SCV  
  35  3:32  Hellion  
  41  3:41  Marine, SCV  
  41  3:42  SCV  
  41  3:43  Refinery  
  44  3:53  SCV  
  44  3:54  SCV  
  46  3:59  Marine, Orbital Command  
  47  4:04  Factory Reactor  
  47  4:06  Marine x2, SCV x2  
  47  4:09  Starport  
  51  4:13  Supply Depot  
  51  4:17  Marine  
  51  4:18  SCV x2  
  51  4:24  Marine x2  
  54  4:30  SCV x2  
  51  4:32  SCV  
  51  4:35  Marine  
  51  4:40  Supply Depot  
  51  4:41  Marine  
  51  4:42  Marine, SCV x2  
  51  4:44  SCV  
  56  4:47  Refinery x2  
  56  4:49  Factory Tech Lab  
  56  4:52  Marine  
  56  4:53  Engineering Bay x2  
  56  4:54  SCV x2  
  56  4:55  Medivac  
  56  4:57  Medivac, Orbital Command  
  56  4:59  Marine x2  
  64  5:06  SCV x2  
  67  5:10  Marine  
  67  5:12  Siege Tank  
  71  5:15  Supply Depot  
  71  5:18  SCV x2  
  71  5:20  Marine x2, Terran Infantry Armor Level 1  
  75  5:28  Marine  
  75  5:30  Barracks, SCV  
  75  5:31  Supply Depot x2  
  75  5:33  Starport Reactor  
  75  5:35  Terran Infantry Weapons Level 1  
  77  5:36  SCV x2  
  77  5:38  Marine x2  
  77  5:42  SCV  
  82  5:46  Marine  
  82  5:49  SCV x2  
  85  5:53  Siege Tank  
  85  5:54  SCV  
  85  5:55  Marine  
  85  5:56  Marine  
  86  6:01  SCV x2  
  86  6:04  Marine  
  86  6:07  SCV  
  88  6:13  Marine x2, SCV x2  
  88  6:15  Medivac  
  88  6:17  Medivac  
  96  6:19  SCV  
  96  6:22  Marine x3  
  96  6:24  Combat Shield  
  96  6:25  SCV  
  101  6:28  SCV  
  101  6:34  Barracks  
  101  6:35  Marine x2, Siege Tank, Barracks, SCV  
  101  6:37  SCV  
  101  6:39  Marine  
  107  6:40  Marine x2, SCV  
  106  6:47  SCV  
  106  6:49  SCV, Supply Depot  
  106  6:50  Supply Depot  
  106  6:51  Refinery  
  106  6:52  Refinery  
  106  6:53  Marine x2  
  110  6:57  Marine, Armory  
  110  6:58  Marine x2, Medivac x2  
  117  7:08  SCV  
  117  7:09  SCV x2  
  117  7:11  Marine x2  
  117  7:15  Marine x2  
  118  7:16  Marine  
  118  7:20  SCV  
  118  7:21  SCV x2  
  123  7:25  Siege Tank  
  123  7:29  Marine x2  
  128  7:32  SCV  
  128  7:33  SCV x2  
  128  7:34  Marine  
  128  7:35  Barracks Reactor x2  
  128  7:36  Marine  
  128  7:37  Marine  
  133  7:58  Supply Depot  
Tags
 
Add a new tag
Caveats
  • Supply blocks, unpowered buildings, or Contaminate may cause inaccurate times.
  • Supply counts are checked every 10 seconds.